 Dungeon Crawl Stone Soup version 0.30-a0-465-g8901f6c8b5 (webtiles) character file.

Game seed: 405861256411463905

92 arthad the Covered (level 4, 0/29 HPs)
             Began as a Gargoyle Fighter on Dec 18, 2022.
             Killed from afar by Natasha (6 damage)
             ... with a magic dart
             ... on level 2 of the Dungeon.
             The game lasted 00:02:10 (1359 turns).

arthad the Covered (Gargoyle Fighter)               Turns: 1359, Time: 00:02:11

Health: 0/29       AC: 10    Str: 22    XL:     4   Next: 60%
Magic:  4/4        EV:  9    Int:  8    God:
Gold:   56         SH:  4    Dex:  9    Spells: 3/3 levels left

rFire   . . .      SeeInvis .    a - +0 flail
rCold   . . .      Faith    .    c - +0 buckler
rNeg    + . .      Spirit   .    b - +0 scale mail
rPois   ∞          Reflect  .    (no helmet)
rElec   +          Harm     .    (no cloak)
rCorr   .          Rampage  .    (no gloves)
Will    .....                    (no boots)
Stlth   ..........               (no amulet)
HPRegen 0.24/turn                (no ring)
MPRegen 0.09/turn                (no ring)

@: hasted and slowed
A: sickness immunity, AC +3, negative energy resistance 1, electricity
resistance, torment resistance 1, petrification resistance
a: no special abilities


You were on level 2 of the Dungeon.
You visited 1 branch of the dungeon, and saw 2 of its levels.

You collected 56 gold pieces.

Inventory:

Hand Weapons
 a - a +0 flail (weapon)
Armour
 b - a +0 scale mail (worn)
 c - a +0 buckler (worn)
Scrolls
 h - a scroll of fear {unknown}
 i - 3 scrolls of noise {unknown}
 j - a scroll of magic mapping {unknown}
 k - 2 scrolls of identify {unknown}
 l - a scroll of torment {unknown}
 n - a scroll of amnesia {unknown}
Potions
 d - a potion of might
 f - a potion of brilliance {unknown}
 g - a potion of attraction {unknown}
 m - 4 potions of heal wounds {unknown}


   Skills:
 * Level 3.8 Fighting
 * Level 3.4 Maces & Flails
 * Level 4.0 Armour
 + Level 0.2 Dodging
 + Level 3.6 Shields


You had 3 spell levels left.
You didn't know any spells.
Your spell library contained the following spells:

 Spells                   Type           Power      Damage    Failure   Level
 Sandblast                Erth           0%         2d4       82%         1
 Passwall                 Tmut/Erth      0%         N/A       91%         2
 Call Canine Familiar     Summ           0%         N/A       99%         3
 Portal Projectile        Hex/Tloc       0%         N/A       99%         3
 Stone Arrow              Conj/Erth      0%         3d7       99%         3
 Animate Armour           Summ/Erth      0%         N/A       100%        4
 Leda's Liquefaction      Hex/Erth       0%         N/A       100%        4
 Blade Hands              Tmut           0%         N/A       100%        5
 Irradiate                Conj/Tmut      0%         3d11      100%        5
 Iron Shot                Conj/Erth      0%         9d1       100%        6
 Dragon Form              Tmut           0%         N/A       100%        7


Dungeon Overview and Level Annotations

Branches:
Dungeon (2/15)

Altars:

Annotations:
D:2 Natasha


Innate Abilities, Weirdness & Mutations

You are immune to sickness and miasma.
Your stone body is resilient. (AC +3)
You are immune to poison.
You resist negative energy. (rN+)
You are resistant to electric shocks. (rElec)
You are resistant to unholy torment.
You are immune to petrification.


Message History

You feel yourself slow down. Natasha claws you. x2
You closely miss Natasha. Natasha claws you but does no damage.
Natasha mumbles some strange words.
You hit Natasha.
Natasha is lightly wounded.
Natasha claws you! The white imp gestures at you.
The puff of frost hits you but does no damage.
You hit Natasha.
Natasha is lightly wounded.
The white imp hits you but does no damage.
You block Natasha's attack. The white imp gestures at you.
The puff of frost hits you. Natasha claws you but does no damage.
You are too injured to fight recklessly!
You are too injured to fight recklessly!
You are too injured to fight recklessly!
You are too injured to fight recklessly!
You are too injured to fight recklessly!
You are too injured to fight recklessly!
You are too injured to fight recklessly!
You are too injured to fight recklessly!
You are too injured to fight recklessly!
You are too injured to fight recklessly!
You are too injured to fight recklessly!
You hit Natasha but do no damage.
Natasha is lightly wounded.
The white imp hits you. The white imp freezes you.
Natasha claws you but does no damage.
The white imp summons a swarm of flies.
The white imp hits you but does no damage.
Natasha claws you.
* * * LOW HITPOINT WARNING * * *
Unknown command.
It was a potion of haste.
You feel yourself speed up.
The white imp hits you but does no damage.
Natasha stares at you and mumbles some strange words.
The magic dart hits you.
You die...

#....# #. #.####
..## #.# .. ... #.#
. #.# #.#####†# #.##
..<###.......#.....
........#8#....#
.........#.5...#.#
#........@h.......
.#..........#....
### #
#..!.......##...#
..#.#
...................#
#.#.#
...................#
....#
.......####.......
....##......#
#...... .....8#.....
...... ....# ......
...


You could see Natasha and a white imp (summoned).

Vanquished Creatures
  Natasha (twice) (D:2)
  A worm (D:2)
  5 ball pythons
  5 endoplasms
  2 giant cockroaches (D:1)
  5 goblins (D:1)
  5 hobgoblins
  A kobold (D:1)
  3 quokkas (D:1)
  3 bats (D:1)
  A frilled lizard (D:1)
  2 rats (D:1)
35 creatures vanquished.

Notes
Turn   | Place    | Note
-------+----------+-------------------------------------------
     0 | D:1      | arthad the Gargoyle Fighter began the quest for the Orb.
     0 | D:1      | Reached XP level 1. HP: 14/14 MP: 1/1
   122 | D:1      | Reached XP level 2. HP: 12/19 MP: 2/2
   590 | D:1      | Reached XP level 3. HP: 23/23 MP: 3/3
  1267 | D:2      | Noticed Natasha
  1278 | D:2      | Killed Natasha
  1279 | D:2      | Reached XP level 4. HP: 27/29 MP: 4/4
  1337 | D:2      | Noticed Natasha
  1343 | D:2      | Killed Natasha
  1344 | D:2      | Reached skill level 4 in Armour
  1349 | D:2      | Noticed Natasha
  1359 | D:2      | Killed from afar by Natasha

Illustrated notes

Levels and vault maps discovered:
D:1:      sevenhm_arrival_forest_fort_large_2, layout_basic,
          palyth_stone_intersect, minmay_pentomino_p4
D:2:      layout_loops_cross, basic_altar, grunt_decor_junction,
          hangedman_decor_opposing, kennysheep_decorative_pillar, uniq_sigmund,
          uniq_natasha

Skill      XL: |  1  2  3  4 |
---------------+-------------+-----
Maces & Flails | 3 |  3.4
Armour         | 4 |  4.0
Fighting       | |  3.8
Dodging        | |  0.2
Shields        | |  3.6

Action                   |  1- 3 |  4- 6 || total
-------------------------+-------+-------++-------
Melee: Flail             |   108 |     8 ||   116
  Use: Potion            |       |     1 ||     1
Armor: Scale mail        |    52 |     7 ||    59
Dodge: Dodged            |    54 |     1 ||    55
Block: Buckler           |    29 |     1 ||    30

Table legend: (Time is in decaauts)
 A = Elapsed time spent in this place.
 B = Non-inter-level travel time spent in this place.
 C = Inter-level travel time spent in this place.
 D = Time resting spent in this place.
 E = Time spent auto-exploring this place.
 F = Levels seen in this place.
 G = Mean time per level.
                   A        B        C        D        E       F      G
               +--------+--------+--------+--------+--------+-----+--------+
         Total |   1405 |   1364 |     41 |     47 |   1042 |   2 |  702.5 |
       Dungeon |   1405 |   1364 |     41 |     47 |   1042 |   2 |  702.5 |
               +--------+--------+--------+--------+--------+-----+--------+

Top non-repeatable levels by time:
     D:1: 1081 daAuts
     D:2: 324 daAuts
